AoeStats
← CazadorGT

Arena

510405988Analyzed
2v2 RM · 1d ago on Sep 30, 2026· 36m 40s· 4 players
Game mode
Random Map
Map size
Medium (4 player)
Population
200
Speed
Normal
Resources
Standard
Victory
Conquest
Starting age
Dark Age
Ending age
Imperial Age
RankedLock teamsTeams togetherTeam positionsShared explorationLock speedFull tech treeHidden civsTurbo modeCheats
Victory
Defeat
🇦🇷 Burgundians · Argentina
1279
+11
🇨🇴 Turks · Colombia
1157
+15
🇬🇹 Bohemians · Guatemala
1205
-15
🇮🇹 Hindustanis · Italy
1100
-11
CazadorGT
10:56 Feudal Age
14:42 Castle Age
13:02 Double-Bit Axe
12:58 Horse Collar
14:21 Forging
26:45 Chemistry
25:48 Fletching
26:00 Loom
26:04 Town Watch
29:21 Imperial Age
27:19 Padded Archer Armor
27:52 Redemption
28:34 Leather Archer Armor
30:33 Block Printing
verbumdei76
2:48 Loom
10:22 Feudal Age
10:51 Double-Bit Axe
10:49 Horse Collar
19:41 Castle Age
17:55 Forging
18:50 Scale Barding Armor
21:02 Gold Mining
23:19 Iron Casting
24:23 Town Watch
25:14 Wheelbarrow
28:04 Bloodlines
29:28 Chain Barding Armor
32:46 Sanctity
EiM | Fenix_ArG!
7:32 Double-Bit Axe
11:09 Feudal Age
10:19 Double-Bit Axe
10:32 Horse Collar
15:08 Castle Age
13:42 Bow Saw
14:01 Loom
14:11 Stone Mining
15:01 Heavy Plow
14:54 Gold Mining
17:40 Wheelbarrow
22:59 Two-Man Saw
24:57 Scale Barding Armor
24:14 Cavalier
27:06 Husbandry
27:23 Forging
29:18 Gold Shaft Mining
29:54 Chain Barding Armor
30:10 Iron Casting
31:51 Crop Rotation
35:22 Imperial Age
33:55 Fletching
34:05 Padded Archer Armor
35:16 Bodkin Arrow
35:36 Leather Archer Armor
35:55 Ballistics
37:36 Blast Furnace
37:12 Plate Barding Armor
36:24 Elite Skirmisher
tacos4life198
10:44 Feudal Age
12:05 Double-Bit Axe
17:22 Castle Age
18:14 Horse Collar
24:27 Imperial Age
25:30 Padded Archer Armor
26:11 Wheelbarrow
25:48 Bow Saw
25:47 Heavy Plow
27:48 Ballistics
28:24 Leather Archer Armor
33:52 Ring Archer Armor
Connection lost

Rejoining the realm…

Still unreachable

The connection could not be restored.

Session expired

The server has moved on; the page needs a fresh start.